 Dungeon Crawl Stone Soup version 0.22.1-1-ga44c0e5 (webtiles) character file.

229395 Lavandula the Executioner (level 18, 0/198 HPs)
             Began as a Centaur Berserker on Nov 8, 2018.
             Was a High Priest of Trog.
             Killed from afar by an acid blob (7 damage)
             ... with a splash of acid
             ... on level 3 of the Pits of Slime.
             The game lasted 02:05:33 (19632 turns).

Lavandula the Executioner (Centaur Berserker)      Turns: 19632, Time: 02:05:33

Health: 0/198      AC: 20    Str: 29    XL:     18   Next: 30%
Magic:  0/19       EV: 23    Int:  6    God:    Trog [*****.]
Gold:   284        SH:  0    Dex: 10    Spells: 17/17 levels left

rFire    . . .     SeeInvis +   S - +6 battleaxe (drain)
rCold    . . .     Gourm    .   (shield currently unavailable)
rNeg     . . .     Faith    .   P - +0 acid dragon scales
rPois    .         Spirit   +   A - +2 hat {SInv}
rElec    .         Reflect  .   d - scarf {Spirit}
rCorr    +         Harm     .   j - +1 pair of gloves {Dex+3}
MR       +++..                  k - +0 centaur barding
Stlth    ..........             x - amulet of regeneration
HPRegen  1.83/turn              V - ring of Phasing {EV+8}
MPRegen  0.16/turn              o - +4 ring of evasion

@: berserking, regenerating, very quick
A: large, hooves 3, clumsy 1, deformed body, deterioration 1, speed 2, frail 1,
low mp 1, shaggy fur 1, tough skin 3, weak 2
}: 2/15 runes: decaying, serpentine
a: Berserk, Trog's Hand, Brothers in Arms, Renounce Religion


You were on level 3 of the Pits of Slime.
You worshipped Trog.
Trog was extremely pleased with you.
You were not hungry.

You visited 6 branches of the dungeon, and saw 36 of its levels.
You also visited: Ice Cave.

You collected 2757 gold pieces.
You spent 2473 gold pieces at shops.

Inventory:

Hand Weapons
 e - a +6 antimagic executioner's axe
 J - a +1 hand axe of flaming
 S - a +6 battleaxe of draining (weapon)
Missiles
 D - 4 silver javelins (quivered)
Armour
 d - a scarf of spirit shield (worn)
 j - a +1 pair of gloves of dexterity (worn)
 k - a +0 centaur barding (worn)
 A - a +2 hat of see invisible (worn)
 E - the +3 chain mail of the Armadillo {rElec Int+7 Dex+3}
   (You found it on level 4 of the Lair of Beasts)

   It affects your intelligence (+7).
   It affects your dexterity (+3).
   It insulates you from electricity.
 P - +0 acid dragon scales (worn)
 U - a scarf of resistance
 W - +3 fire dragon scales
Jewellery
 l - an uncursed ring of protection from cold
 o - a +4 ring of evasion (right hand)
 x - an amulet of regeneration (around neck)
 C - an uncursed ring of poison resistance
 K - an uncursed ring of ice
 N - an uncursed ring of protection from fire
 Q - an uncursed ring of protection from magic
 V - the ring of Phasing (left hand) {EV+8}
   (You found it on level 13 of the Dungeon)

   [ring of evasion]

   It affects your evasion (+8).
Wands
 n - a wand of clouds (4)
 q - a wand of polymorph (30)
 u - a wand of flame (61)
 y - a wand of enslavement (29)
 G - a wand of digging (32)
 I - a wand of scattershot (3)
 Y - a wand of iceblast (37)
Scrolls
 a - 8 scrolls of remove curse
 h - 2 scrolls of magic mapping
 i - 7 scrolls of fog
 p - 2 scrolls of identify
 t - a scroll of fear
 z - 9 scrolls of teleportation
 F - 2 scrolls of blinking
 H - a scroll of immolation
 R - a scroll of summoning
Potions
 b - 2 potions of curing
 g - 5 potions of lignification
 m - 3 potions of cancellation
 r - 4 potions of brilliance
 v - a potion of haste
 w - 4 potions of heal wounds
 B - a potion of resistance
 L - 2 potions of might
 M - 3 potions of ambrosia
 O - a potion of invisibility
 Z - 2 potions of agility
Miscellaneous
 f - a lamp of fire
 T - a lightning rod (4/4)
Comestibles
 c - 17 rations


   Skills:
 - Level 9.8 Fighting
 + Level 23.0 Axes
 - Level 10.3 Armour
 - Level 8.2 Dodging
 - Level 5.5 Evocations


You had 17 spell levels left.
You didn't know any spells.
Your spell library contained the following spells:

 Spells                   Type           Power        Failure   Level  Hunger
 Animate Skeleton         Necr           N/A          50%         1    ##.....
 Pain                     Necr           #...         50%         1    ##.....
 Summon Small Mammal      Summ           #...         50%         1    ##.....
 Call Imp                 Summ           #.......     65%         2    ###....
 Call Canine Familiar     Summ           #.......     86%         3    ####...
 Recall                   Summ/Tloc      N/A          86%         3    ####...
 Regeneration             Chrm/Necr      #.........   86%         3    ####...
 Summon Guardian Golem    Hex/Summ       #.......     86%         3    ####...
 Vampiric Draining        Necr           #.........   86%         3    ####...
 Animate Dead             Necr           N/A          99%         4    #####..
 Ice Form                 Ice/Tmut       #.......     99%         4    #####..
 Summon Ice Beast         Ice/Summ       #.......     99%         4    #####..
 Summon Lightning Spire   Summ/Air       #.......     99%         4    #####..
 Aura of Abjuration       Summ           #.........   100%        5    ######.
 Metabolic Englaciation   Hex/Ice        #.........   100%        5    ######.
 Summon Demon             Summ           #.........   100%        5    ######.
 Summon Forest            Summ/Tloc      #.........   100%        5    ######.
 Summon Mana Viper        Hex/Summ       #.......     100%        5    ######.
 Bolt of Cold             Conj/Ice       #.........   100%        6    #######
 Freezing Cloud           Conj/Ice/Air   #.........   100%        6    #######
 Ozocubu's Refrigeration  Ice            #.........   100%        6    #######
 Shadow Creatures         Summ           N/A          100%        6    #######
 Simulacrum               Ice/Necr       #.........   100%        6    #######


Dungeon Overview and Level Annotations

Branches:
Dungeon (15/15)            Temple (0/1) D:6            Lair (6/6) D:11
  Swamp (4/4) Lair:4        Snake (4/4) Lair:4        Slime (5/5) Lair:6
    Orc (2/2) D:11            Elf (0/3) Orc:2
 Vaults: D:13-14     Depths: D:15

Altars:
Dithmenos
Fedhas
Gozag
Okawaru
Trog
Beogh

Shops:
D:5 ?   D:7 *   D:8 [   Orc:2 %*(!   Snake:3 :[:   Snake:4 ?

Annotations:
Swamp:4 Lernaean hydra
Snake:2 Azrael
Slime:5 Royal Jelly


Innate Abilities, Weirdness & Mutations

You have hooves in place of feet.
Armour fits poorly on your strangely shaped body.
You cover ground very quickly.
You have extremely tough skin. (AC +3)
You are clumsy. (Dex -2)
Your body sometimes deteriorates upon taking damage.
You are frail. (-10% HP)
Your magical capacity is low. (-10% MP)
You are covered in fur. (AC +1)
You are very weak. (Str -4)


Message History

Unknown command.
You open the acid blob like a pillowcase!!!
You drain the acid blob!
Your hands burn!
* * * LOW HITPOINT WARNING * * *
The acid blob is almost dead.
You slash the large slime creature! You drain the large slime creature!
You barely miss the enormous slime creature.
You slash the very large slime creature!
You drain the very large slime creature!
A titanic slime creature splits.
You slice the enormous slime creature like a ripe choko!!!
You kick the enormous slime creature!
The enormous slime creature is severely wounded.
You slash the large slime creature! You drain the large slime creature!
You barely miss the acid blob.
You slash the very large slime creature!
The large slime creature misses you. The acid blob spits acid at you.
The splash of acid hits you! You resist.
You die...

..... .....#
## #....##.##
####........
#..##......##
.....#......#
#.....#.JJ..##
.....#..J@...#
.......JJ...##
.......J....#
...........##
...........#
...........#
##......#.##
#......###
.........


You could see an acid blob, an enormous slime creature, 2 very large slime
creatures and 2 large slime creatures.

Vanquished Creatures
  An Ice Fiend (IceCv)
  16 acid blobs
  Gastronok (D:9)
  2 thorn hunters
  6 azure jellies
  7 nagarajas
  An orc warlord (Orc:2)
  The ghost of Qiuf the Grappler, a journeyman TrWz of Cheibriados (Lair:3)
  2 ettins
  A death ooze (Slime:3)
  2 great orbs of eyes
  7 naga warriors (Snake:4)
  The ghost of Kioleriw the Cleaver, a journeyman DsGl of Uskayaw (Lair:3)
  14 anacondas
  A ghost crab (Swamp:3)
  The ghost of empire the Timeless, a journeyman MiFi of Cheibriados (D:11)
  12 hydras
  9 alligators
  A catoblepas (Lair:6)
  4 death yaks
  2 two-headed ogres
  A queen ant (Lair:3)
  17 naga sharpshooters
  3 orc high priests (Orc:2)
  4 shock serpents
  Urug (Lair:5)
  4 salamander mystics (Snake:4)
  2 spriggan druids
  2 unseen horrors
  A shambling mangrove (Swamp:4)
  A glowing orange brain (Slime:2)
  10 swamp dragons
  3 naga ritualists
  4 lindwurms (Snake:4)
  11 mana vipers
  6 orc sorcerers
  3 orc knights (Orc:2)
  3 shining eyes
  3 salamanders
  9 cyclopes
  7 elephants
  17 naga magi
  22 black mambas
  2 ice statues
  2 eyes of devastation
  9 guardian serpents (Snake:4)
  13 spiny frogs
  2 torpor snails (Lair:6)
  4 centaur skeletons
  2 rime drakes
  10 komodo dragons
  2 freezing wraiths (IceCv)
  3 anaconda simulacra (IceCv)
  A golden dragon simulacrum (IceCv)
  8 ice devils (IceCv)
  3 trolls
  12 hornets
  4 tyrant leeches
  9 polar bears (Lair:6)
  3 bog bodies
  47 slime creatures
  5 hippogriffs
  4 blink frogs
  4 raiju (Lair:6)
  A shadow (Swamp:4)
  A vampire (D:10)
  2 dire elephant simulacra (IceCv)
  7 spriggans
  4 wyverns
  A human (D:8)
  A fire elemental (Snake:2)
  2 golden eyes (Slime:2)
  3 steam dragons
  12 yaks
  3 hogs (D:8)
  A hungry ghost (D:14)
  2 death yak simulacra (IceCv)
  16 vampire mosquitoes
  14 insubstantial wisps
  2 iron troll simulacra (IceCv)
  11 swamp worms
  31 nagas
  17 wargs
  A harpy simulacrum (IceCv)
  20 soldier ants (Lair:3)
  14 water moccasins
  11 hell hounds (Lair:6)
  An acid dragon (D:11)
  7 hydra simulacra (IceCv)
  A floating eye (Slime:2)
  7 porcupines
  12 swamp drakes
  3 ice beasts
  22 orc warriors
  4 eyes of draining
  14 black bears
  A phantom (D:9)
  3 ettin simulacra (IceCv)
  2 sky beasts (D:6)
  13 ogres
  A centaur (D:10)
  13 crocodiles
  4 necrophages (Swamp:3)
  5 killer bees
  30 wolves
  2 big kobolds
  14 bullfrogs
  A gnoll sergeant (D:7)
  2 scorpions
  2 wights (D:14)
  4 howler monkeys
  2 electric eels (D:6)
  4 crimson imps
  3 draconian simulacra (IceCv)
  A quasit (D:11)
  20 jellies
  3 bullfrog zombies
  3 hounds
  13 orc priests
  23 orc wizards
  A gnoll shaman (D:8)
  2 bullfrog skeletons (D:12)
  2 iguanas (D:11)
  3 spriggan simulacra (IceCv)
  20 worker ants
  2 troll simulacra (IceCv)
  3 centaur simulacra (IceCv)
  A hound skeleton (D:8)
  A worker ant zombie (D:10)
  13 gnolls
  A naga simulacrum (IceCv)
  6 adders
  5 ogre simulacra (IceCv)
  3 white imps (IceCv)
  6 ufetubi (IceCv)
  An adder zombie (D:8)
  4 worms
  3 dart slugs
  4 leopard geckos
  75 orcs
  5 bats
  7 giant cockroaches
  A hobgoblin (D:2)
  9 jackals
  2 quokkas
  6 ball pythons
  A frilled lizard (D:2)
  4 goblins
  7 kobolds
  14 rats
  2 plants
1006 creatures vanquished.

Vanquished Creatures (collateral kills)
  Rupert (Lair:5)
  3 shining eyes
  A slime creature (Slime:2)
  A spriggan (Swamp:4)
  A porcupine (Lair:5)
  A killer bee (D:8)
  2 orc priests (Orc:2)
10 creatures vanquished.

Vanquished Creatures (others)
  A naga sharpshooter (Snake:4)
  A spriggan druid (Swamp:4)
  An orc knight (Orc:2)
  A spriggan (Swamp:4)
  An orc warrior (Orc:2)
  A wolf (Orc:1)
  An ogre (Orc:2)
  2 killer bees (D:8)
  3 orc wizards
  An orc (D:8)
  9 fungi
  30 plants
52 creatures vanquished.

Grand Total: 1068 creatures vanquished

Notes
Turn   | Place    | Note
-------+----------+-------------------------------------------
     0 | D:1      | Lavandula the Centaur Berserker began the quest for the
                  | Orb.
     0 | D:1      | Reached XP level 1. HP: 19/19 MP: 1/1
    83 | D:1      | Reached skill level 3 in Axes
   144 | D:1      | Reached XP level 2. HP: 23/26 MP: 2/2
   187 | D:1      | Reached ** piety under Trog
   254 | D:2      | Reached XP level 3. HP: 28/31 MP: 3/3
   309 | D:2      | Reached skill level 4 in Axes
   473 | D:2      | You fall through a shaft!
   761 | D:5      | Entered Level 5 of the Dungeon
   849 | D:5      | Noticed an ogre
   876 | D:5      | Killed an ogre
   876 | D:5      | Reached skill level 5 in Axes
   876 | D:5      | Reached XP level 4. HP: 38/38 MP: 4/4
   876 | D:5      | Reached XP level 5. HP: 45/45 MP: 5/5
   909 | D:5      | Found Ymeha's Magic Scroll Shop.
   916 | D:5      | Bought a scroll of noise for 14 gold pieces
   916 | D:5      | Bought a scroll of blinking for 105 gold pieces
   943 | D:5      | Found a shadowy altar of Dithmenos.
   946 | D:5      | Found an opulent altar of Gozag.
   949 | D:5      | Found a bloodstained altar of Trog.
   952 | D:5      | Found an iron altar of Okawaru.
  1076 | D:5      | You fall through a shaft!
  1079 | D:6      | Reached *** piety under Trog
  1082 | D:6      | Reached skill level 6 in Axes
  1109 | D:6      | Reached XP level 6. HP: 39/51 MP: 6/6
  1193 | D:6      | Found a transporter.
  1281 | D:7      | Reached skill level 7 in Axes
  1413 | D:6      | Found a blossoming altar of Fedhas.
  1472 | D:6      | Reached XP level 7. HP: 47/57 MP: 7/7
  1495 | D:6      | Found a staircase to the Ecumenical Temple.
  1523 | D:6      | Reached skill level 8 in Axes
  1555 | D:7      | Noticed a hornet
  1620 | D:6      | Found a transporter.
  1730 | D:7      | a hornet changed into a big kobold
  1807 | D:7      | Found Wezoz's General Store.
  1813 | D:7      | Bought a scroll of random uselessness for 10 gold pieces
  1921 | D:5      | Bought a scroll of enchant weapon for 105 gold pieces
  2111 | D:8      | Reached skill level 9 in Axes
  2111 | D:8      | Reached XP level 8. HP: 63/63 MP: 8/8
  2313 | D:7      | Noticed a hippogriff
  2323 | D:7      | Killed a hippogriff
  2323 | D:7      | Reached skill level 10 in Axes
  2341 | D:7      | Reached **** piety under Trog
  2526 | D:8      | Reached skill level 11 in Axes
  2526 | D:8      | Reached XP level 9. HP: 69/69 MP: 9/9
  2712 | D:8      | Found Hanarest's Antique Armour Shoppe.
  2760 | D:8      | Reached skill level 12 in Axes
  3035 | D:9      | Noticed Gastronok
  3050 | D:9      | Killed Gastronok
  3050 | D:9      | Reached skill level 13 in Axes
  3050 | D:9      | Reached XP level 10. HP: 74/77 MP: 10/10
  3272 | D:10     | Entered Level 10 of the Dungeon
  3509 | D:10     | Reached skill level 14 in Axes
  3822 | D:11     | Reached ***** piety under Trog
  3840 | D:11     | Noticed a cyclops
  3958 | D:11     | Killed a cyclops
  4063 | D:11     | Found a staircase to the Orcish Mines.
  4161 | D:12     | Noticed a two-headed ogre
  4258 | D:11     | Found a runed door.
  4259 | D:11     | Noticed empire's ghost (journeyman MiFi)
  4266 | D:11     | Reached XP level 11. HP: 82/82 MP: 11/11
  4274 | D:11     | Got a fine trident {vamp}
  4287 | D:11     | Identified the cursed +0 trident "Zeluez" {vamp, *Drain
                  | Str+4 Dex+6 Stlth+} (You took it off a spriggan on level 11
                  | of the Dungeon)
  4530 | D:11     | Found a staircase to the Lair.
  4535 | Lair:1   | Entered Level 1 of the Lair of Beasts
  4641 | D:11     | Killed empire's ghost
  4712 | Orc:1    | Entered Level 1 of the Orcish Mines
  4872 | D:12     | Reached skill level 5 in Armour
  5037 | Orc:1    | Noticed an orc sorcerer
  5046 | Orc:1    | Killed an orc sorcerer
  5706 | Orc:1    | Noticed an orc sorcerer
  5840 | D:13     | Noticed an unseen horror
  5845 | D:13     | Killed an unseen horror
  5846 | D:13     | Reached skill level 5 in Dodging
  5901 | D:14     | Noticed a two-headed ogre
  5903 | D:14     | Got a smoking scale mail
  5996 | D:14     | Killed a two-headed ogre
  6086 | D:14     | Identified the cursed +0 scale mail of Boredom {Str+2} (You
                  | found it on level 14 of the Dungeon)
  6208 | D:14     | Noticed an unseen horror
  6218 | D:14     | Killed an unseen horror
  6218 | D:14     | Reached XP level 12. HP: 81/89 MP: 12/12
  6240 | D:15     | Entered Level 15 of the Dungeon
  6391 | D:13     | Noticed a two-headed ogre
  6395 | D:13     | Killed a two-headed ogre
  6455 | D:13     | Found the ring of Phasing {EV+8}
  6474 | D:13     | Noticed a five-headed hydra
  6533 | D:13     | Noticed a vault guard
  6556 | D:12     | Noticed a seven-headed hydra
  6784 | Orc:1    | Noticed an orc warlord
  6838 | Orc:1    | Reached skill level 5 in Fighting
  6901 | D:11     | Noticed an emperor scorpion
  6901 | D:11     | an orc warlord changed into an emperor scorpion
  7176 | Orc:1    | Found a roughly hewn altar of Beogh.
  7195 | Orc:2    | Entered Level 2 of the Orcish Mines
  7266 | Orc:2    | Found a staircase to the Elven Halls.
  7545 | Orc:2    | Noticed an orc warlord
  7598 | Orc:2    | Killed an orc warlord
  7672 | Orc:2    | Noticed an orc high priest
  7757 | Orc:2    | Noticed an orc high priest
  7779 | Orc:2    | Killed an orc high priest
  7797 | Orc:2    | Killed an orc high priest
  8027 | Orc:2    | Noticed an orc high priest
  8030 | Orc:2    | Reached XP level 13. HP: 101/101 MP: 13/13
  8238 | Orc:2    | Found Rauphu Hyde's General Store.
  8238 | Orc:2    | Found Bofoter's Food Boutique.
  8240 | Orc:2    | Found Gipleg's Distillery.
  8240 | Orc:2    | Found Afrechim's Antique Weapon Boutique.
  8283 | Orc:2    | Noticed an ettin
  8297 | Orc:2    | Killed an ettin
  8460 | Orc:1    | Noticed an ettin
  8468 | Orc:1    | Killed an ettin
  8631 | D:8      | Bought shiny fire dragon scales for 1323 gold pieces
  9017 | Lair:4   | Found a staircase to the Swamp.
  9088 | Lair:4   | Reached skill level 10 in Armour
  9098 | Lair:4   | Got a crude chain mail
  9119 | Lair:4   | Identified the +3 chain mail of the Armadillo {rElec Int+7
                  | Dex+3} (You found it on level 4 of the Lair of Beasts)
  9254 | Lair:6   | Entered Level 6 of the Lair of Beasts
  9271 | Lair:6   | Received a gift from Trog
  9454 | Lair:6   | Found a staircase to the Slime Pits.
  9799 | Lair:6   | Identified a scroll of acquirement
  9815 | Lair:6   | Got an encrusted hat
  9834 | Lair:6   | Identified the -2 hat of the True Pharaoh {Int+4} (You
                  | acquired it on level 6 of the Lair of Beasts)
  9991 | Lair:6   | Reached XP level 14. HP: 93/119 MP: 14/14
 10049 | Lair:6   | Reached skill level 15 in Axes
 10499 | Lair:5   | Noticed Urug
 10513 | Lair:5   | Received a gift from Trog
 10522 | Lair:5   | Killed Urug
 10584 | Lair:5   | Noticed Rupert
 10649 | Lair:5   | Paralysed by fainting for 8 turns
 10671 | Lair:5   | Killed Rupert
 10671 | Lair:5   | Reached skill level 16 in Axes
 11044 | Swamp:1  | Entered Level 1 of the Swamp
 11312 | Swamp:2  | Reached skill level 17 in Axes
 11383 | Swamp:2  | Noticed a thorn hunter
 11398 | Swamp:2  | Killed a thorn hunter
 11510 | Swamp:4  | Entered Level 4 of the Swamp
 11525 | Swamp:4  | Reached XP level 15. HP: 80/126 MP: 15/15
 11982 | Swamp:3  | Noticed a thorn hunter
 12019 | Swamp:4  | Gained mutation: Potions are less effective at restoring
                  | your health. [potion of mutation]
 12019 | Swamp:4  | Gained mutation: You are partially covered in iridescent
                  | scales. (AC +2) [potion of mutation]
 12019 | Swamp:4  | Gained mutation: You are robust. (+10% HP) [potion of
                  | mutation]
 12020 | Swamp:4  | Lost mutation: You are robust. (+10% HP) [potion of
                  | mutation]
 12020 | Swamp:4  | Lost mutation: You are partially covered in iridescent
                  | scales. (AC +2) [potion of mutation]
 12020 | Swamp:4  | Lost mutation: Potions are less effective at restoring your
                  | health. [potion of mutation]
 12020 | Swamp:4  | Gained mutation: You are covered in fur. (AC +1) [potion of
                  | mutation]
 12020 | Swamp:4  | Gained mutation: You are weak. (Str -2) [potion of
                  | mutation]
 12020 | Swamp:4  | Lost mutation: You are weak. (Str -2) [potion of mutation]
 12083 | Swamp:4  | Reached skill level 18 in Axes
 12224 | Swamp:4  | Noticed the 27-headed Lernaean hydra
 13176 | Swamp:4  | Got a decaying rune of Zot
 13258 | Swamp:3  | Killed a thorn hunter
 13258 | Swamp:3  | Reached skill level 19 in Axes
 13602 | D:8      | Bought a runed scarf for 168 gold pieces
 13672 | D:7      | Bought a lamp of fire for 400 gold pieces
 13748 | D:5      | Bought a scroll of teleportation for 42 gold pieces
 13748 | D:5      | Bought 2 scrolls of identify for 56 gold pieces
 13748 | D:5      | Bought a scroll of identify for 28 gold pieces
 14372 | Lair:3   | Found a runed gate.
 14372 | Lair:3   | Found a runed gate.
 14372 | Lair:3   | Found a runed gate.
 14373 | Lair:3   | Noticed Kioleriw's ghost (journeyman DsGl)
 14374 | Lair:3   | Noticed Qiuf's ghost (journeyman TrWz)
 14391 | Lair:3   | Killed Kioleriw's ghost
 14396 | Lair:3   | Killed Qiuf's ghost
 14793 | Lair:4   | Found a staircase to the Snake Pit.
 14802 | Snake:1  | Entered Level 1 of the Snake Pit
 14881 | Snake:2  | Noticed a nagaraja
 14895 | Snake:2  | Killed a nagaraja
 14948 | Snake:2  | Reached XP level 16. HP: 50/134 MP: 1/16
 15122 | Snake:2  | Noticed Azrael
 15280 | Snake:3  | Found Godamouh's Book Boutique.
 15283 | Snake:3  | Found Hiuvud's Antique Armour Shop.
 15298 | Snake:3  | Found a frozen archway.
 15332 | IceCv    | Entered an ice cave
 15737 | IceCv    | Reached skill level 20 in Axes
 15812 | IceCv    | Reached skill level 1 in Evocations
 15873 | IceCv    | Noticed an Ice Fiend
 15904 | IceCv    | Killed an Ice Fiend
 16044 | Snake:3  | Found Riah's Book Shoppe.
 16262 | Snake:4  | Entered Level 4 of the Snake Pit
 16264 | Snake:4  | Found Utean's Magic Scroll Shoppe.
 16273 | Snake:4  | Reached skill level 5 in Evocations
 16516 | Snake:4  | Bought a scroll of summoning for 114 gold pieces
 16793 | Snake:4  | Received a gift from Trog
 16987 | Snake:4  | Reached XP level 17. HP: 139/139 MP: 17/21
 17191 | Snake:4  | Reached skill level 21 in Axes
 17371 | Snake:4  | Got a serpentine rune of Zot
 17531 | Snake:4  | Bought a scroll of teleportation for 36 gold pieces
 17531 | Snake:4  | Bought a scroll of teleportation for 36 gold pieces
 17531 | Snake:4  | Bought a scroll of teleportation for 36 gold pieces
 17848 | Slime:1  | Entered Level 1 of the Pits of Slime
 17865 | Slime:1  | Noticed an acid blob
 17867 | Slime:1  | Noticed an acid blob
 17876 | Slime:1  | Killed an acid blob
 17877 | Slime:1  | Killed an acid blob
 17900 | Slime:1  | Noticed an acid blob
 17978 | Slime:1  | Killed an acid blob
 17997 | Slime:2  | Noticed an acid blob
 18004 | Slime:2  | Killed an acid blob
 18103 | Slime:1  | Received a gift from Trog
 18147 | Slime:2  | Noticed an acid blob
 18149 | Slime:2  | Gained mutation: You are frail. (-10% HP) [a shining eye]
 18154 | Slime:2  | Killed an acid blob
 18155 | Slime:2  | Noticed an acid blob
 18157 | Slime:2  | Noticed an acid blob
 18159 | Slime:2  | Reached skill level 22 in Axes
 18162 | Slime:2  | Gained mutation: You are weak. (Str -2) [a shining eye]
 18209 | Slime:1  | Killed an acid blob
 18215 | Slime:1  | Killed an acid blob
 18281 | Slime:2  | Gained mutation: You are clumsy. (Dex -2) [a shining eye]
 18283 | Slime:2  | Gained mutation: Your body sometimes deteriorates upon
                  | taking damage. [a shining eye]
 18320 | Slime:2  | Paralysed by a floating eye for 3 turns
 18329 | Slime:2  | Gained mutation: Your magical capacity is low. (-10% MP) [a
                  | shining eye]
 18331 | Slime:2  | Gained mutation: You are very weak. (Str -4) [a shining
                  | eye]
 18358 | Slime:3  | Noticed an acid blob
 18369 | Slime:3  | Killed an acid blob
 18409 | Slime:4  | Noticed an acid blob
 18423 | Slime:4  | Killed an acid blob
 18503 | Slime:5  | Entered Level 5 of the Pits of Slime
 18503 | Slime:5  | Noticed an acid blob
 18510 | Slime:5  | Noticed an acid blob
 18514 | Slime:5  | Killed an acid blob
 18514 | Slime:5  | Noticed an acid blob
 18596 | Slime:5  | Killed an acid blob
 18596 | Slime:5  | Reached XP level 18. HP: 132/132 MP: 14/19
 18641 | Slime:5  | Noticed the Royal Jelly
 19627 | Slime:3  | HP: 8/198 [azure jelly (22)]
 19630 | Slime:3  | Reached skill level 23 in Axes
 19632 | Slime:3  | Killed from afar by an acid blob

Skill      XL: |  1  2  3  4  5  6  7  8  9 10 11 12 13 14 15 16 17 18 |
---------------+-------------------------------------------------------+-----
Axes           | 3 5 6 7 9 11 13 14 17 19 20 22 23 | 23.0
Dodging        | 2 5 6 8 |  8.2
Armour         | 5 8 10 | 10.3
Fighting       | 5 9 |  9.8
Evocations     | 5 |  5.5

Action                   |  1- 3 |  4- 6 |  7- 9 | 10-12 | 13-15 | 16-18 || total
-------------------------+-------+-------+-------+-------+-------+-------++-------
Melee: Hand axe          |    95 |   102 |   141 |   556 |   717 |       ||  1611
       Kick              |    12 |    21 |    53 |   204 |   383 |   336 ||  1009
       War axe           |       |       |    51 |   130 |    10 |       ||   191
       Battleaxe         |       |       |       |       |   591 |   779 ||  1370
       Executioner's axe |       |       |       |       |       |     2 ||     2
Throw: Tomahawk          |     6 |     4 |     4 |    24 |     3 |       ||    41
       Javelin           |       |       |       |       |       |     9 ||     9
Invok: Berserk           |     3 |     1 |    10 |    27 |    32 |    21 ||    94
       Trog's Hand       |       |     1 |     1 |    25 |    34 |    28 ||    89
       Brothers in Arms  |       |       |       |       |     4 |     6 ||    10
Evoke: Wand              |       |       |    10 |    21 |    18 |    10 ||    59
       Lamp of fire      |       |       |       |       |       |     2 ||     2
  Use: Scroll            |     6 |       |       |     8 |    22 |    10 ||    46
       Potion            |       |       |       |       |    10 |     1 ||    11
  Eat: Chunk             |     2 |     3 |    13 |    35 |    47 |     4 ||   104
       Ration            |       |       |       |     7 |     5 |    13 ||    25
Armor: Animal skin       |    47 |    30 |    34 |       |       |       ||   111
       Steam dragon scal |       |       |    12 |    53 |       |       ||    65
       Acid dragon scale |       |       |       |    58 |     5 |    69 ||   132
       Skin              |       |       |       |     1 |       |       ||     1
       Fire dragon scale |       |       |       |       |   563 |    80 ||   643
       Chain mail        |       |       |       |       |       |   173 ||   173
Dodge: Dodged            |    54 |    67 |   112 |   417 |  1216 |   532 ||  2398
